 Dungeon Crawl Stone Soup version 0.29.1-2-gbd0b4ee654 (webtiles) character file.

Game seed: 17513374487956501822

720 qeuew the Magician (level 8, 0/50 HPs)
             Began as a Djinni Fire Elementalist on Nov 3, 2022.
             Constricted to death by Dowan (3 damage)
             ... on level 5 of the Dungeon.
             The game lasted 00:11:21 (3713 turns).

qeuew the Magician (Djinni Fire Elementalist)       Turns: 3713, Time: 00:11:22

Health: 0/50       AC:  2    Str:  7    XL:     8   Next: 2%
Gold:   233        EV: 14    Int: 17    God:
                   SH:  0    Dex: 16

rFire   + + .      SeeInvis .   e - +3 short sword
rCold   . . .      Faith    .   (no shield)
rNeg    . . .      Spirit   .   a - +0 robe
rPois   ∞          Reflect  .   (no helmet)
rElec   .          Harm     .   (no cloak)
rCorr   .          Rampage  .   (no gloves)
Will    .....                   (boots unavailable)
Stlth   ++........              b - amulet of regeneration
HPRegen 0.96/turn               g - +4 ring of evasion
MPRegen 0.00/turn               o - ring of protection from cold

@: grasped by roots, flying, constricted
A: sickness immunity, fire resistance 2, cold vulnerability 1, float, innate
caster, HP casting, extra vitality 1, wild magic 1, inability to read after
injury 1
a: no special abilities


You were on level 5 of the Dungeon.
You visited 1 branch of the dungeon, and saw 5 of its levels.

You collected 233 gold pieces.

Inventory:

Hand Weapons
 e - a +3 short sword (weapon)
Armour
 a - a +0 robe (worn)
Jewellery
 b - an amulet of regeneration (around neck)
 g - a +4 ring of evasion (left hand)
 o - a ring of protection from cold (right hand)
Wands
 i - a wand of digging (9)
Scrolls
 k - a scroll of brand weapon
 l - a scroll of enchant weapon
Potions
 c - 2 potions of brilliance
 d - a potion of berserk rage
 h - a potion of haste
 j - a potion of curing
 m - 2 potions of flight {unknown}


   Skills:
 - Level 2.0(2.6) Short Blades
 * Level 2.5(2.9) Long Blades
 + Level 2.8 Dodging
 - Level 1.5 Stealth
 + Level 5.8 Spellcasting


You couldn't memorise any spells.
You knew the following spells:

 Your Spells              Type           Power      Damage    Failure   Level
a - Foxfire               Conj/Fire      100%       2x1d9     2%          1
b - Scorch                Fire           64%        2d8       3%          2
c - Conjure Flame         Conj/Fire      32%        6-21      6%          3
d - Inner Flame           Hex/Fire       32%        N/A       6%          3
e - Flame Wave            Conj/Fire      32%        2d9       17%         4
f - Necrotise             Necr           100%       1d9       2%          1
g - Ensorcelled Hibernat  Hex/Ice        64%        N/A       3%          2
h - Static Discharge      Conj/Air       32%        3-7/arc   3%          2
Your spell library was empty.

Dungeon Overview and Level Annotations

Branches:
Dungeon (5/15)
 Temple: D:4-7

Altars:
Makhleb
Qazlal
Xom
The Shining One

Annotations:
D:4 2 transporters, zeram's ghost, amateur TrSu
D:5 Dowan


Innate Abilities, Weirdness & Mutations

You are immune to sickness and miasma.
You are immune to poison.
Your flesh is very heat resistant. (rF++)
You are vulnerable to cold. (rC-)
You float through the air rather than walking.
You learn spells naturally, not from books.
Your magical power is your life essence.
You have superior vitality. (+4 MHP)
Your spells are a little harder to cast, but a little more powerful.
You occasionally lose the ability to read scrolls when taking damage.


Message History

Dowan is heavily wounded.
Dowan hits you with a +0 dagger. The grasping roots constrict you.
You hit Dowan.
Dowan is heavily wounded.
Dowan hits you with a +0 dagger. The grasping roots constrict you.
Dowan gestures wildly while chanting.
Dowan blinks!
The grasping roots constrict you.
The grasping roots release their grip on you.
Dowan hits you with a +0 dagger.
You closely miss Dowan.
Dowan is heavily wounded.
Dowan zaps a wand.
The roots erupt in riotous growth!
The grasping roots grab you!
Dowan is unaffected.
The grasping roots constrict you.
* * * LOW HITPOINT WARNING * * *
Dowan completely misses you. The grasping roots constrict you.
* * * LOW HITPOINT WARNING * * *
You closely miss Dowan.
Dowan is heavily wounded.
Dowan hits you with a +0 dagger.
* * * LOW HITPOINT WARNING * * *
The grasping roots constrict you.
* * * LOW HITPOINT WARNING * * *
An ufetubus comes into view.
You feel better. Dowan hits you with a +0 dagger.
* * * LOW HITPOINT WARNING * * *
The grasping roots constrict you.
* * * LOW HITPOINT WARNING * * *
Dowan barely misses you. The grasping roots constrict you.
* * * LOW HITPOINT WARNING * * *
Casting: Scorch (safe; 3% risk of failure)
Press: ? - help, Q - select action, (/) - cycle Dir - look around, f - activate Flames lash Dowan.
Dowan resists.
Dowan is severely wounded.
Dowan's fire resistance burns away.
* * * LOW HITPOINT WARNING * * *
Dowan hits you with a +0 dagger.
* * * LOW HITPOINT WARNING * * *
The grasping roots constrict you.
You die...

............ ###
...#....... #..
..#.#...###. ##.#
#........^.. ..)
####...<... . #.#
###......## ...
#5#######...#.##...
.....##..e......###.##.#.
.....)†.@.#########.##.##
......>##..............)#
.....## ########...(...†.
.... #.......## ...
#>.....## .. ###......# .
#........# ####.......#
#_~#.......#


You could see Dowan (fast, combustible) and an ufetubus.

Vanquished Creatures
  Menkaure (D:5)
  Duvessa (D:5)
  An ice beast (D:5)
  3 necrophages
  A hound (D:5)
  Terence (D:2)
  An iguana (D:4)
  Robin (D:2)
  3 adders
  3 worms
  2 dart slugs
  8 orcs
  2 bats
  7 endoplasms
  A giant cockroach (D:1)
  16 goblins
  9 hobgoblins
  4 jackals (D:3)
  3 quokkas
  6 ball pythons
  2 frilled lizards
  5 kobolds
  5 rats
  A butterfly (D:3)
87 creatures vanquished.

Vanquished Creatures (others)
  20 foxfires
  A plant (D:4)
21 creatures vanquished.

Grand Total: 108 creatures vanquished

Notes
Turn   | Place    | Note
-------+----------+-------------------------------------------
     0 | D:1      | qeuew the Djinni Fire Elementalist began the quest for the
                  | Orb.
     0 | D:1      | qeuew set off with the following spells memorised: Foxfire,
                  | Scorch, Conjure Flame, Inner Flame, Flame Wave.
     0 | D:1      | Reached XP level 1. HP: 15/15 MP: 0/0
   662 | D:1      | Reached XP level 2. HP: 21/21 MP: 0/0
   749 | D:1      | Found a faded altar of an unknown god.
  1372 | D:2      | Reached XP level 3. HP: 22/25 MP: 0/0
  1372 | D:2      | Learned a level 1 spell: Necrotise
  1378 | D:2      | Reached skill level 3 in Spellcasting
  1382 | D:2      | Noticed Robin
  1384 | D:2      | Reached skill level 1 in Short Blades
  1393 | D:2      | HP: 1/25 [goblin/+0 dagger[Robin] (5)]
  1709 | D:2      | Noticed Terence
  1728 | D:2      | Killed Terence
  1729 | D:2      | Reached XP level 4. HP: 14/31 MP: 0/0
  1747 | D:2      | Killed Robin
  1989 | D:2      | Gained mutation: You occasionally lose the ability to read
                  | scrolls when taking damage. [potion of mutation]
  1989 | D:2      | Gained mutation: Your spells are a little harder to cast,
                  | but a little more powerful. [potion of mutation]
  2016 | D:3      | Found a shimmering altar of Xom.
  2115 | D:3      | Reached XP level 5. HP: 34/35 MP: 0/0
  2115 | D:3      | Learned a level 2 spell: Ensorcelled Hibernation
  2884 | D:4      | Reached skill level 4 in Spellcasting
  2884 | D:4      | Reached XP level 6. HP: 22/40 MP: 0/0
  2986 | D:4      | Found a glowing golden altar of the Shining One.
  3068 | D:4      | Reached skill level 1 in Long Blades
  3434 | D:4      | Found a transporter.
  3436 | D:4      | Noticed zeram's ghost (amateur TrSu)
  3439 | D:4      | Found a transporter.
  3440 | D:4      | Noticed an ogre
  3440 | D:4      | Identified the +8 great mace of Exquisite Death {venom,
                  | rC++ Str+4}
  3440 | D:4      | Noticed an ogre
  3515 | D:5      | Entered Level 5 of the Dungeon
  3515 | D:5      | Noticed Menkaure
  3517 | D:5      | Killed Menkaure
  3567 | D:5      | Noticed a +0 spear
  3567 | D:5      | Noticed a +0 falchion
  3567 | D:5      | Noticed a +0 dagger
  3568 | D:5      | Noticed a +0 short sword
  3568 | D:5      | Noticed a +0 short sword
  3568 | D:5      | Noticed a +0 dagger
  3572 | D:5      | Reached XP level 7. HP: 41/45 MP: 0/0
  3572 | D:5      | Learned a level 2 spell: Static Discharge
  3576 | D:5      | Noticed a +0 falchion
  3593 | D:5      | Reached skill level 5 in Spellcasting
  3659 | D:5      | Found a stormy altar of Qazlal.
  3659 | D:5      | Found a burning altar of Makhleb.
  3693 | D:5      | Noticed Dowan
  3694 | D:5      | Noticed Duvessa
  3705 | D:5      | Killed Duvessa
  3706 | D:5      | Reached XP level 8. HP: 13/50 MP: 0/0
  3713 | D:5      | Constricted to death by Dowan

Illustrated notes

Levels and vault maps discovered:
D:1:      minmay_arrival_widening_spiral_narrow, layout_basic,
          shapermc_ecumenical_altar_pompeii
D:2:      layout_basic, uniq_robin, uniq_terence
D:3:      layout_loops_corners, xom_butterflies
D:4:      layout_cave_pools, nicolae_tso_swordbearing_angel, serial_forest,
          infiniplex_forest_straight_5, infiniplex_forest_clump_cross,
          infiniplex_forest_clump_small, infiniplex_forest_join,
          infiniplex_forest_end_2, infiniplex_forest_lined_room_,
          infiniplex_forest_end_double, infiniplex_forest_clump_small,
          infiniplex_forest_lined_ring, gammafunk_ghost_smash
D:5:      layout_rooms, nicolae_uskayaw_en_pointe,
          gammafunk_temple_overflow_elements, uniq_menkaure, uniq_duvessa,
          uniq_blork_the_orc

Skill      XL: |  1  2  3  4  5  6  7 |
---------------+----------------------+-----
Spellcasting   | 3 4 5 |  5.8
Short Blades   | 1 2 |  2.0
Long Blades    | 1 2 |  2.5
Dodging        | |  2.8
Stealth        | |  1.5

Action                   |  1- 3 |  4- 6 |  7- 9 || total
-------------------------+-------+-------+-------++-------
Melee: Short sword       |     9 |    15 |     4 ||    28
 Cast: Foxfire           |    13 |     2 |       ||    15
       Scorch            |    29 |    49 |    18 ||    96
       Flame Wave        |       |     2 |     1 ||     3
  Use: Scroll            |     4 |     7 |       ||    11
       Potion            |     1 |     4 |     2 ||     7
Armor: Robe              |     3 |     3 |       ||     6
Dodge: Dodged            |    20 |    26 |    14 ||    60
